AoeStats
← CLAY27

Nomad

503269227Analyzed
2v2 RM · 1mo ago on Aug 30, 2026· 37m 55s· 4 players
Game mode
Random Map
Map size
176×176
Population
200
Speed
Normal
Resources
Standard
Victory
Conquest
Starting age
Dark Age
Ending age
Imperial Age
RankedLock teamsTeams togetherTeam positionsShared explorationLock speedFull tech treeHidden civsTurbo modeCheats
Victory
Defeat
🇪🇸 Franks · Spain
1063
+13
🇺🇸 Persians · United States
1016
+16
🇲🇽 Vikings · Mexico
1029
-16
🇲🇽 Bulgarians · Mexico
986
-14
AstroBoy1741
13:20 Feudal Age
13:46 Loom
13:52 Double-Bit Axe
20:39 Castle Age
19:04 Loom
19:26 Gold Mining
20:16 Scale Barding Armor
20:21 Forging
22:39 Chain Barding Armor
26:14 Horse Collar
27:05 Husbandry
28:21 Bloodlines
30:48 Wheelbarrow
31:39 Iron Casting
33:04 Gold Shaft Mining
oxy
3:29 Loom
16:19 Feudal Age
18:21 Wheelbarrow
17:32 Town Watch
17:33 Fishing Lines
18:03 Double-Bit Axe
22:44 Castle Age
21:18 Fletching
21:34 Scale Barding Armor
22:59 Forging
32:57 Chain Barding Armor
38:13 Hand Cart
38:22 Medium Warships
CLAY27
6:42 Loom
15:35 Feudal Age
21:34 Castle Age
26:12 Scale Barding Armor
27:01 Chain Barding Armor
29:59 Forging
29:49 Scale Mail Armor
32:19 Pikeman
33:02 Squires
32:24 Pikeman
[KC] The Kaiser
16:02 Feudal Age
17:10 Double-Bit Axe
19:15 Wheelbarrow
18:25 Town Watch
28:07 Castle Age
28:37 Forging
28:27 Scale Mail Armor
28:37 Pikeman
29:18 Squires
29:03 Arson
29:24 Squires
29:42 Chain Mail Armor
30:03 Iron Casting
Connection lost

Rejoining the realm…

Still unreachable

The connection could not be restored.

Session expired

The server has moved on; the page needs a fresh start.